 Dungeon Crawl Stone Soup version 0.27.1-3-gb3d3a73c9e (webtiles) character file.

Game seed: 16616805043018265250

42213 unlimited1921 the Nimble (level 14, -3/162 HPs)
             Began as a Gnoll Arcane Marksman on Oct 24, 2021.
             Was an Initiate of Gozag.
             Engulfed by a cloud of flame (19 damage)
             ... on level 1 of the Orcish Mines on Oct 25, 2021.
             The game lasted 06:58:25 (40753 turns).

unlimited1921 the Nimble (Gnoll Arcane Marksman)   Turns: 40753, Time: 06:58:26

Health: -3/162     AC: 27    Str: 18    XL:     14   Next: 18%
Magic:  7/27       EV:  2    Int: 14    God:    Gozag
Gold:   700        SH:  5    Dex: 14    Spells: 5/31 levels left

rFire    . . .     SeeInvis .   a - +2 hand crossbow (freeze)
rCold    . . .     Faith    .   (no shield)
rNeg     + + +     Spirit   .   (armour currently unavailable)
rPois    +         Reflect  +   (helmet currently unavailable)
rElec    .         Harm     .   (cloak currently unavailable)
rCorr    .         Rampage  .   (gloves currently unavailable)
Will     +....     NoTele   +   (boots currently unavailable)
Stlth    ++++......             t - amulet of reflection
HPRegen  0.37/turn              Y - ring of poison resistance
MPRegen  0.20/turn              I - +6 ring of strength

@: brilliant, tree-form, portalling projectiles, gold aura
A: stationary, stasis, torment immunity, boosted hp, (fangs 1), strong nose,
distributed training
a: Renounce Religion, Potion Petition, Call Merchant, Bribe Branch


You were on level 1 of the Orcish Mines.
You worshipped Gozag.
Gozag was pleased with you.
You were a tree.
You visited 5 branches of the dungeon, and saw 20 of its levels.

You collected 3674 gold pieces.
You spent 1808 gold pieces at shops.
You paid 1166 gold pieces to Gozag.

Inventory:

Hand Weapons
 a - a +2 hand crossbow of freezing (weapon)
 w - the +11 trident "Maulacuy" {drain, +Rage}
   (You found it on level 11 of the Dungeon)

   A truly terrible weapon, it drains the life of any living foe it strikes.
   +Rage:     It lets you go berserk.
 y - a +0 longbow of freezing
 H - a +0 arbalest
 K - the +4 dagger "Ezen" {flame, rPois rN+ Str+3}
   (You found it on level 7 of the Dungeon)

   It burns those it strikes, dealing additional fire damage.
   Str:       It affects your strength (+3).
   rPois:     It protects you from poison.
   rN:        It protects you from negative energy.
 O - a +3 quarterstaff of chaos
 S - a +4 scimitar of flaming
Missiles
 q - 145 arrows
 u - 69 poisoned darts
 z - 93 bolts (quivered ammo)
 J - 6 boomerangs
 W - a throwing net
Armour
 b - a +2 leather armour of fire resistance (melded)
 e - a scarf of repulsion (melded)
 k - a +2 helmet (melded)
 r - a +2 pair of gloves (melded)
 C - a +2 leather armour of willpower
 L - +3 steam dragon scales
 P - a +2 pair of boots (melded)
 Q - the +1 leather armour "Cuhoax" {Drain rC++ SInv Stlth+}
   (You found it on level 5 of the Lair of Beasts)

   rC:        It greatly protects you from cold.
   SInv:      It lets you see invisible.
   Drain:     It drains your maximum health when unequipped.
   Stlth:     It makes you more stealthy.
 U - a +1 chain mail of willpower
Jewellery
 t - an amulet of reflection (around neck)
 v - a ring of fire
 I - a +6 ring of strength (right branch)
 V - an amulet of regeneration
 Y - a ring of poison resistance (left branch)
Wands
 f - a wand of paralysis (18)
 i - a wand of polymorph (36)
 n - a wand of digging (7)
 E - a wand of iceblast (20) (quivered)
 Z - a wand of flame (68)
Scrolls
 c - 2 scrolls of enchant armour
 g - a scroll of holy word
 h - 2 scrolls of immolation
 j - 9 scrolls of identify
 m - 2 scrolls of fog
 o - 4 scrolls of teleportation
 p - a scroll of fear
 F - a scroll of magic mapping
 M - a scroll of torment
Potions
 d - 3 potions of flight
 l - 5 potions of curing
 A - 2 potions of might
 B - 2 potions of lignification
 D - a potion of cancellation
 G - 2 potions of magic
 N - 2 potions of brilliance
Miscellaneous
 s - a phial of floods (inert)
 X - a phial of floods (inert)


   Skills:
 + Level 9.4 Fighting
 + Level 9.0 Short Blades
 + Level 9.0 Long Blades
 + Level 9.0 Axes
 + Level 9.0 Maces & Flails
 + Level 9.0 Polearms
 + Level 9.0 Staves
 + Level 9.0 Slings
 + Level 9.0 Bows
 + Level 10.1 Crossbows
 + Level 9.0 Throwing
 + Level 9.0 Armour
 + Level 10.1 Dodging
 + Level 9.0 Stealth
 + Level 9.0 Shields
 + Level 9.0 Unarmed Combat
 + Level 9.4 Spellcasting
 + Level 7.5 Conjurations
 + Level 9.3 Hexes
 + Level 7.5 Summonings
 + Level 7.5 Necromancy
 + Level 7.5 Translocations
 + Level 7.5 Transmutations
 + Level 7.5 Fire Magic
 + Level 7.5 Ice Magic
 + Level 7.5 Air Magic
 + Level 7.5 Earth Magic
 + Level 7.5 Poison Magic
 + Level 9.8 Invocations
 + Level 9.0 Evocations


You had 5 spell levels left.
You knew the following spells:

 Your Spells              Type           Power      Damage    Failure   Level
a - Corona                Hex            54%        N/A       1%          1
b - Slow                  Hex            49%        N/A       1%          2
c - Inner Flame           Hex/Fire       45%        N/A       1%          3
d - Cause Fear            Hex            24%        N/A       2%          4
e - Portal Projectile     Hex/Tloc       90%        N/A       1%          3
f - Ozocubu's Armour      Ice            41%        N/A       1%          3
g - Foxfire               Conj/Fire      100%       2x1d9     1%          1
h - Conjure Flame         Conj/Fire      41%        6-21      1%          3
i - Passage of Golubria   Tloc           N/A        N/A       4%          4
j - Call Imp              Summ           41%        N/A       1%          2

Your spell library contained the following spells:

 Spells                   Type           Power      Damage    Failure   Level
 Animate Skeleton         Necr           82%        N/A       1%          1
 Apportation              Tloc           82%        N/A       1%          1
 Magic Dart               Conj           100%       1d8       1%          1
 Pain                     Necr           100%       1d9       1%          1
 Summon Small Mammal      Summ           100%       N/A       1%          1
 Static Discharge         Conj/Air       41%        N/A       1%          2
 Call Canine Familiar     Summ           41%        N/A       1%          3
 Ignite Poison            Fire/Tmut/Pois 41%        N/A       1%          3
 Mephitic Cloud           Conj/Pois/Air  41%        N/A       1%          3
 Leda's Liquefaction      Hex/Erth       22%        N/A       3%          4
 Dispel Undead            Necr           41%        3d16      4%          4
 Sticky Flame             Conj/Fire      41%        2d6       4%          4
 Silence                  Hex/Air        22%        N/A       10%         5
 Agony                    Necr           41%        N/A       14%         5
 Alistair's Intoxication  Tmut/Pois      27%        N/A       14%         5
 Bolt of Magma            Conj/Fire/Erth 20%        4d10      14%         5
 Excruciating Wounds      Necr           20%        N/A       14%         5
 Invisibility             Hex            24%        N/A       34%         6
 Ozocubu's Refrigeration  Ice            20%        4d9       99%         7
 Lehudib's Crystal Spear  Conj/Erth      20%        10d6      100%        8


Dungeon Overview and Level Annotations

Branches:
Dungeon (12/15)            Temple (1/1) D:6            Lair (5/6) D:8
  Swamp (0/4) Lair:3        Snake (1/4) Lair:2        Slime (0/5) Lair:5
    Orc (1/2) D:12

Altars:
Ashenzari
Cheibriados
Dithmenos
Elyvilon
Fedhas
Gozag
Hepliaklqana
Kikubaaqudgha
Makhleb
Nemelex Xobeh
Okawaru
Qazlal
Ru
Sif Muna
Trog
Uskayaw
Vehumet
Wu Jian
Xom
Yredelemnul
Zin
The Shining One

Shops:
D:4 :**   D:7 !   Lair:3 ?


Innate Abilities, Weirdness & Mutations

You are a tree.
Your roots penetrate the ground, keeping you stationary.
You cannot be teleported.
You are immune to unholy pain and torment.
Your maximum health is greatly increased.
Your equipment is partially melded.
((You have very sharp teeth.))
Your uncanny sense of smell can sniff out nearby items.
Your experience applies equally to all skills.


Message History

* * * LOW HITPOINT WARNING * * *
The orc shouts!
The orc shouts!
The orc priest shouts!
The soul eater disappears in a puff of smoke!
You block the ice devil's attack.
The orc warrior hits you but does no damage.
The orc hits you but does no damage.
The sun demon hits you but does no damage.
The orc sorcerer is engulfed in blazing flames.
Flame seeps out of the orc sorcerer.
The orc sorcerer is distracted by your dazzling golden aura.
The orc hits you but does no damage.
The orc sorcerer shouts!
You feel better.
You hear a shout!
An orc warrior comes into view. It is wielding a +0 hand axe.
The ice devil hits you but does no damage.
The orc warrior hits you but does no damage.
An orc comes into view. It is wielding a +0 flail.
The sun demon hits you but does no damage.
The orc sorcerer is engulfed in blazing flames.
The orc sorcerer explodes!
The fiery explosion engulfs you!
Your icy armour melts away.
* * * LOW HITPOINT WARNING * * *
The fiery explosion engulfs the ice devil!!!
The ice devil is burned terribly!
You kill the ice devil!
The fiery explosion engulfs the orc!!
The fiery explosion engulfs the sun demon.
The sun demon completely resists.
The sun demon is moderately wounded.
The fiery explosion engulfs the orc warrior!!
You kill the orc warrior!
The orc explodes!
The fiery explosion engulfs you!!
* * * LOW HITPOINT WARNING * * *
The orc hits you but does no damage.
You feel better.
You are engulfed in blazing flames.
You die...
Your body crumbles into a pile of gold.

###.# ##.#$###
#......##
###......##
##.§..$....#
#)..$<...$.##
#.$.)§^...o..$##
..(.§.......§3.#
#.#.$.$.#..§°♣.#
.....o§.###§§§o.$.#
$ .o.(.o.##
#.§§.....# .§§.$.§
#..$....## #......
..$...### $
o.$....# o.o..#.##


oo.... ## $ You could see a sun demon (summoned), 2 orc warriors and 5 orcs.

Vanquished Creatures
  A naga warrior (Lair:2)
  A centaur warrior (D:10)
  2 hydras (Lair:4)
  A catoblepas (D:10)
  Erica (D:9)
  5 two-headed ogres
  3 death yaks (D:8)
  A tengu warrior (D:10)
  Sonja (D:10)
  Pikel (D:6)
  An orc sorcerer (Orc:1)
  A cyclops (D:11)
  3 ugly things (D:12)
  A manticore (D:7)
  3 black mambas
  Joseph (D:7)
  6 cane toads
  A torpor snail (Lair:2)
  Maggie (D:6)
  4 rime drakes
  8 komodo dragons
  A troll (D:10)
  A polar bear (Lair:5)
  2 slime creatures (Lair:5)
  17 blink frogs
  A meliai zombie (D:10)
  6 dream sheep
  A wraith (D:11)
  A vampire (D:11)
  60 yaks
  Grum (D:10)
  3 wyverns
  2 basilisks
  4 steam dragons
  3 vampire mosquitoes
  A warg (Orc:1)
  An acid dragon (D:10)
  17 water moccasins
  Duvessa (D:7)
  10 orc warriors
  An ice beast (D:6)
  5 ogres
  2 necrophages
  2 wolves (D:10)
  6 centaurs
  2 lemures (D:6)
  A phantom (D:5)
  A kobold brigand (D:8)
  A gnoll sergeant (D:7)
  9 bullfrogs
  Dowan (D:7)
  A water moccasin zombie (D:7)
  4 scorpions
  An electric eel (Lair:5)
  3 killer bees (D:10)
  5 wights
  5 howler monkeys
  3 centaur zombies
  2 hounds
  4 jellies
  Crazy Yiuf (D:7)
  3 centaur skeletons
  4 orc priests
  5 iguanas
  10 orc wizards
  A hound zombie (D:5)
  3 howler monkey zombies
  4 adders
  3 white imps
  2 ufetubi (D:6)
  2 worms
  2 dart slugs
  47 orcs
  9 bats
  9 endoplasms
  A giant cockroach (D:2)
  5 hobgoblins
  A quokka (D:5)
  3 ball pythons (D:4)
  3 frilled lizards
  8 goblins
  11 kobolds
  9 rats
385 creatures vanquished.

Vanquished Creatures (collateral kills)
  A centaur zombie (D:10)
  A warg (Orc:1)
  A centaur (D:12)
  An orc (D:12)
  5 foxfires
9 creatures vanquished.

Vanquished Creatures (others)
  A kobold (D:8)
  9 demonic plants (D:3)
  598 foxfires
  33 fungi
  65 plants
  6 withered plants (D:3)
712 creatures vanquished.

Grand Total: 1106 creatures vanquished

Notes
Turn   | Place    | Note
-------+----------+-------------------------------------------
     0 | D:1      | unlimited1921 the Gnoll Arcane Marksman began the quest for
                  | the Orb.
     0 | D:1      | Reached XP level 1. HP: 17/17 MP: 4/4
   280 | D:1      | Reached XP level 2. HP: 23/23 MP: 5/5
  1738 | D:2      | Reached XP level 3. HP: 28/28 MP: 7/7
  2028 | D:2      | Reached skill level 1 in Invocations
  2740 | D:3      | Learned a level 2 spell: Slow
  2773 | D:3      | Reached skill level 1 in Short Blades
  2773 | D:3      | Reached skill level 1 in Long Blades
  2773 | D:3      | Reached skill level 1 in Axes
  2773 | D:3      | Reached skill level 1 in Maces & Flails
  2773 | D:3      | Reached skill level 1 in Polearms
  2773 | D:3      | Reached skill level 1 in Staves
  2773 | D:3      | Reached skill level 1 in Slings
  2773 | D:3      | Reached skill level 1 in Bows
  2773 | D:3      | Reached skill level 1 in Throwing
  2773 | D:3      | Reached skill level 1 in Armour
  2773 | D:3      | Reached skill level 1 in Stealth
  2773 | D:3      | Reached skill level 1 in Shields
  2773 | D:3      | Reached skill level 1 in Unarmed Combat
  2773 | D:3      | Reached skill level 1 in Evocations
  3483 | D:3      | Found a faded altar of an unknown god.
  3586 | D:3      | Reached XP level 4. HP: 27/34 MP: 8/8
  4514 | D:3      | Found a glowing silver altar of Zin.
  4514 | D:3      | Noticed an angel
  4849 | D:4      | Learned a level 3 spell: Inner Flame
  4873 | D:4      | Reached skill level 1 in Conjurations
  4873 | D:4      | Reached skill level 1 in Summonings
  4873 | D:4      | Reached skill level 1 in Necromancy
  4873 | D:4      | Reached skill level 1 in Translocations
  4873 | D:4      | Reached skill level 1 in Transmutations
  4873 | D:4      | Reached skill level 1 in Fire Magic
  4873 | D:4      | Reached skill level 1 in Ice Magic
  4873 | D:4      | Reached skill level 1 in Air Magic
  4873 | D:4      | Reached skill level 1 in Earth Magic
  4873 | D:4      | Reached skill level 1 in Poison Magic
  4968 | D:4      | Reached XP level 5. HP: 39/40 MP: 7/9
  5239 | D:4      | Noticed an ogre
  5249 | D:4      | Killed an ogre
  5447 | D:4      | Found Xosch's Book Shoppe.
  5762 | D:4      | Noticed a water moccasin
  5767 | D:4      | Reached XP level 6. HP: 40/47 MP: 8/10
  5773 | D:4      | Killed a water moccasin
  5774 | D:4      | Reached skill level 5 in Crossbows
  5774 | D:4      | Reached skill level 5 in Dodging
  5951 | D:4      | Learned a level 4 spell: Cause Fear
  5968 | D:4      | Found Raitaf's Retail Resort.
  6139 | D:4      | Found a faded altar of an unknown god.
  6139 | D:4      | Found a faded altar of an unknown god.
  6147 | D:4      | Found a sacrificial altar of Ru.
  6151 | D:4      | Found a shimmering blue altar of Sif Muna.
  6153 | D:4      | Found an iron altar of Okawaru.
  6249 | D:4      | Found Ceceesum's Serpentskin Sales.
  6487 | D:5      | Entered Level 5 of the Dungeon
  6886 | D:5      | Noticed a necrophage
  6887 | D:5      | Found a bloodstained altar of Trog.
  6908 | D:5      | Killed a necrophage
  6909 | D:5      | Reached XP level 7. HP: 40/52 MP: 6/12
  8783 | D:5      | Learned a level 3 spell: Portal Projectile
  8852 | D:6      | Reached XP level 8. HP: 60/60 MP: 12/14
 10202 | D:6      | Noticed Maggie
 10212 | D:6      | Killed Maggie
 10213 | D:6      | Reached XP level 9. HP: 50/67 MP: 4/16
 10505 | D:6      | Found a staircase to the Ecumenical Temple.
 10729 | D:6      | Found an ornate altar of the Wu Jian Council.
 11148 | D:6      | Noticed Pikel
 11153 | D:6      | Killed Pikel
 11154 | D:6      | Reached skill level 5 in Fighting
 11154 | D:6      | Reached skill level 5 in Spellcasting
 12558 | D:6      | Learned a level 3 spell: Ozocubu's Armour
 12560 | D:6      | Learned a level 1 spell: Foxfire
 12744 | Temple   | Entered the Ecumenical Temple
 12796 | Temple   | Became a worshipper of Gozag Ym Sagoz the Greedy
 12959 | D:7      | Reached skill level 5 in Invocations
 13509 | D:7      | Noticed Duvessa
 13535 | D:7      | Noticed Dowan
 13560 | D:7      | Killed Duvessa
 13560 | D:7      | Killed Dowan
 13799 | D:7      | Noticed Joseph
 13817 | D:7      | Killed Joseph
 13818 | D:7      | Reached XP level 10. HP: 34/74 MP: 8/18
 14553 | D:7      | Found a runed translucent door.
 14554 | D:7      | Noticed Crazy Yiuf
 14567 | D:7      | Killed Crazy Yiuf
 14928 | D:7      | Learned a level 3 spell: Conjure Flame
 14962 | D:7      | Reached skill level 5 in Short Blades
 14962 | D:7      | Reached skill level 5 in Long Blades
 14962 | D:7      | Reached skill level 5 in Axes
 14962 | D:7      | Reached skill level 5 in Maces & Flails
 14962 | D:7      | Reached skill level 5 in Polearms
 14962 | D:7      | Reached skill level 5 in Staves
 14962 | D:7      | Reached skill level 5 in Slings
 14962 | D:7      | Reached skill level 5 in Bows
 14962 | D:7      | Reached skill level 5 in Throwing
 14962 | D:7      | Reached skill level 5 in Armour
 14962 | D:7      | Reached skill level 5 in Stealth
 14962 | D:7      | Reached skill level 5 in Shields
 14962 | D:7      | Reached skill level 5 in Unarmed Combat
 14962 | D:7      | Reached skill level 5 in Evocations
 15795 | D:7      | Found Ylale's Distillery.
 15915 | D:7      | Identified the +4 dagger "Ezen" {flame, rPois rN+ Str+3}
 16052 | D:7      | Noticed a manticore
 16059 | D:7      | Found a shadowy altar of Dithmenos.
 16114 | D:7      | Killed a manticore
 16620 | D:8      | Noticed a death yak
 16624 | D:8      | Noticed a death yak
 16625 | D:8      | Noticed a death yak
 16637 | D:8      | Killed a death yak
 16658 | D:8      | Killed a death yak
 16669 | D:8      | Found a staircase to the Lair.
 17003 | D:8      | Reached XP level 11. HP: 83/83 MP: 12/20
 17030 | D:8      | HP: 2/83 [death yak (7)]
 17438 | D:8      | Killed a death yak
 17462 | D:8      | Reached skill level 5 in Conjurations
 17462 | D:8      | Reached skill level 5 in Summonings
 17462 | D:8      | Reached skill level 5 in Necromancy
 17462 | D:8      | Reached skill level 5 in Translocations
 17462 | D:8      | Reached skill level 5 in Transmutations
 17462 | D:8      | Reached skill level 5 in Fire Magic
 17462 | D:8      | Reached skill level 5 in Ice Magic
 17462 | D:8      | Reached skill level 5 in Air Magic
 17462 | D:8      | Reached skill level 5 in Earth Magic
 17462 | D:8      | Reached skill level 5 in Poison Magic
 18437 | D:4      | Bought an amulet of regeneration for 360 gold pieces
 18533 | Lair:1   | Entered Level 1 of the Lair of Beasts
 20763 | Lair:2   | Found a staircase to the Snake Pit.
 21507 | Lair:2   | Reached XP level 12. HP: 91/91 MP: 5/23
 22570 | Lair:3   | Found a shimmering altar of Xom.
 22973 | Lair:3   | Found a staircase to the Swamp.
 23089 | Lair:3   | Learned a level 4 spell: Passage of Golubria
 24234 | Lair:3   | Bought a scroll of enchant weapon for 112 gold pieces
 24279 | Snake:1  | Entered Level 1 of the Snake Pit
 24279 | Snake:1  | Noticed a naga warrior
 24472 | Lair:2   | Killed a naga warrior
 27316 | Lair:4   | Reached XP level 13. HP: 91/98 MP: 17/25
 30059 | Lair:5   | Found a staircase to the Slime Pits.
 31258 | Lair:5   | Identified the +1 leather armour "Cuhoax" {Drain rC++ SInv
                  | Stlth+}
 31601 | Lair:3   | Bought a scroll of brand weapon for 300 gold pieces
 31601 | Lair:3   | Bought 3 scrolls of enchant armour for 337 gold pieces
 31601 | Lair:3   | Bought a scroll of fear for 52 gold pieces
 31601 | Lair:3   | Bought a scroll of teleportation for 45 gold pieces
 32243 | D:9      | Noticed Erica
 32251 | D:9      | Learned a level 2 spell: Call Imp
 32270 | D:9      | Killed Erica
 32480 | D:9      | Found a burning altar of Makhleb.
 33376 | D:10     | Entered Level 10 of the Dungeon
 34572 | D:10     | Noticed Sonja
 34607 | D:10     | Killed Sonja
 35867 | D:10     | Noticed Grum
 35879 | D:10     | Killed Grum
 37073 | D:10     | Identified the +0 barding of Guxkadia {rElec Dex+3}
 37181 | D:7      | Bought a potion of lignification for 33 gold pieces
 37181 | D:7      | Bought a potion of curing for 33 gold pieces
 37181 | D:7      | Bought a potion of lignification for 33 gold pieces
 37181 | D:7      | Bought a potion of heal wounds for 55 gold pieces
 37181 | D:7      | Bought a potion of magic for 88 gold pieces
 37320 | D:4      | Bought an amulet of reflection for 360 gold pieces
 37918 | D:11     | Reached XP level 14. HP: 108/108 MP: 21/27
 38156 | D:11     | Identified the +11 trident "Maulacuy" {drain, +Rage}
 38265 | D:11     | Reached skill level 10 in Crossbows
 38265 | D:11     | Reached skill level 10 in Dodging
 39564 | D:12     | Found a staircase to the Orcish Mines.
 40691 | Orc:1    | Entered Level 1 of the Orcish Mines
 40753 | Orc:1    | Engulfed by a cloud of flame

Illustrated notes

Levels and vault maps discovered:
D:1:      tarquinn_simple_flora_water_c, layout_basic
D:2:      layout_basic
D:3:      layout_basic, zin_angel, shapermc_ecumenical_altar_gd
D:4:      layout_loops_ring, chequers_temple_overflow_minitemple, serial_shops,
          nicolae_square_shop, nicolae_alphabet_shops, kennysheep_nub,
          minmay_statues_item, dk_vineyard_3, minmay_misc_feat_four_crosses,
          guppyfry_shop_venom
D:5:      layout_basic, mainiacjoe_overflow_alcove_4
D:6:      layout_gridville, nzn_wu_jian_council_hall,
          minmay_temple_entry_proselytizer, cheibrodos_sewer_entry_drain,
          uniq_pikel, uniq_maggie
D:7:      minmay_octagon_keep, layout_loops_corners,
          mainiacjoe_overflow_24_doors, serial_shops, nicolae_take_the_stairs,
          uniq_joseph, uniq_duvessa, uniq_crazy_yiuf_cottage
D:8:      layout_rooms, dpeg_lair_monsters
D:9:      layout_rooms, old_standard_altar, uniq_erica
D:10:     nzn_winding_woodlands_small [nzn_winding_woodlands_5x15_split_checker,
          nzn_winding_woodlands_center_triple_pond,
          nzn_winding_woodlands_5x15_crooked], layout_long_grid,
          kennysheep_generic_room_2, uniq_grum, uniq_sonja
D:11:     layout_rooms
D:12:     layout_roguey, hiddenorc1_lemuel
Temple:   nicolae_temple_great_sept
Lair:1:   layout_roguey, lemuel_old_faithful
Lair:2:   layout_chaotic_city, dummy_snake_entry, grunt_megastairs_4,
          infiniplex_staircase_pool_2
Lair:3:   layout_cave_pods, swamp_mist, basic_altar, serial_bayou_shore_b
Lair:4:   layout_hall_layers
Lair:5:   layout_gridlike, minmay_slime_entry_pillars
Snake:1:  layout_concentric_octagons, uniq_aizul, uniq_nikola
Orc:1:    layout_diamond_mine

Skill      XL: |  1  2  3  4  5  6  7  8  9 10 11 12 13 14 |
---------------+-------------------------------------------+-----
Invocations    | 1 2 3 4 5 6 7 8 9 |  9.8
Short Blades   | 1 2 3 4 5 6 7 8 9 |  9.0
Long Blades    | 1 2 3 4 5 6 7 8 9 |  9.0
Axes           | 1 2 3 4 5 6 7 8 9 |  9.0
Maces & Flails | 1 2 3 4 5 6 7 8 9 |  9.0
Polearms       | 1 2 3 4 5 6 7 8 9 |  9.0
Staves         | 1 2 3 4 5 6 7 8 9 |  9.0
Slings         | 1 2 3 4 5 6 7 8 9 |  9.0
Bows           | 1 2 3 4 5 6 7 8 9 |  9.0
Throwing       | 1 2 3 4 5 6 7 8 9 |  9.0
Armour         | 1 2 3 4 5 6 7 8 9 |  9.0
Stealth        | 1 2 3 4 5 6 7 8 9 |  9.0
Shields        | 1 2 3 4 5 6 7 8 9 |  9.0
Unarmed Combat | 1 2 3 4 5 6 7 8 9 |  9.0
Evocations     | 1 2 3 4 5 6 7 8 9 |  9.0
Spellcasting   | 3 4 5 6 7 8 9 |  9.4
Conjurations   | 1 2 3 4 5 6 7 |  7.5
Summonings     | 1 2 3 4 5 6 7 |  7.5
Necromancy     | 1 2 3 4 5 6 7 |  7.5
Translocations | 1 2 3 4 5 6 7 |  7.5
Transmutations | 1 2 3 4 5 6 7 |  7.5
Fire Magic     | 1 2 3 4 5 6 7 |  7.5
Ice Magic      | 1 2 3 4 5 6 7 |  7.5
Air Magic      | 1 2 3 4 5 6 7 |  7.5
Earth Magic    | 1 2 3 4 5 6 7 |  7.5
Poison Magic   | 1 2 3 4 5 6 7 |  7.5
Fighting       | 3 4 5 6 7 8 9 |  9.4
Crossbows      | 5 6 7 8 9 10 | 10.1
Dodging        | 5 6 7 8 9 10 | 10.1
Hexes          | 6 7 8 9 |  9.3

Action                   |  1- 3 |  4- 6 |  7- 9 | 10-12 | 13-15 || total
-------------------------+-------+-------+-------+-------+-------++-------
Melee: Dagger            |     2 |    26 |    10 |     6 |       ||    44
       Hand crossbow     |     2 |       |       |       |       ||     2
       Bite              |     1 |     6 |     1 |    11 |     3 ||    22
       Battleaxe         |       |       |     5 |     4 |       ||     9
       Quarterstaff      |       |       |     3 |    33 |    23 ||    59
       Flail             |       |       |       |    28 |    32 ||    60
       Punch             |       |       |       |       |     3 ||     3
 Fire: Hand crossbow     |    83 |    59 |   102 |    73 |    79 ||   396
       Hunting sling     |       |     8 |     4 |       |       ||    12
       Shortbow          |       |       |    36 |    60 |       ||    96
       Arbalest          |       |       |       |       |     7 ||     7
Throw: Throwing net      |     1 |       |     1 |       |       ||     2
       Dart              |       |       |    42 |    65 |     4 ||   111
       Boomerang         |       |       |    10 |    10 |       ||    20
       Stone             |       |       |     1 |       |       ||     1
 Cast: Corona            |     4 |     7 |    21 |     2 |       ||    34
       Slow              |       |     5 |    18 |    10 |    11 ||    44
       Inner Flame       |       |     1 |    22 |   127 |   108 ||   258
       Portal Projectile |       |       |     4 |     1 |     1 ||     6
       Cause Fear        |       |       |     4 |     1 |       ||     5
       Foxfire           |       |       |    13 |   146 |   181 ||   340
       Ozocubu's Armour  |       |       |     4 |     6 |     3 ||    13
       Conjure Flame     |       |       |       |    11 |    13 ||    24
       Passage of Golubr |       |       |       |     4 |     1 ||     5
       Call Imp          |       |       |       |       |    59 ||    59
Invok: Potion Petition   |       |       |       |     1 |       ||     1
       Call Merchant     |       |       |       |     1 |       ||     1
Evoke: Wand              |       |     3 |     9 |    11 |    18 ||    41
       Phial of floods   |       |       |       |     1 |     1 ||     2
  Use: Potion            |     1 |     2 |     3 |     7 |     6 ||    19
       Scroll            |       |     3 |    13 |    12 |    10 ||    38
 Stab: Sleeping          |       |     1 |       |       |       ||     1
       Distracted        |       |       |       |     1 |       ||     1
Armor: Robe              |     5 |     7 |    10 |       |       ||    22
       Steam dragon scal |       |       |    27 |    43 |       ||    70
       Leather armour    |       |       |       |    22 |   123 ||   145
       Skin              |       |       |       |       |    23 ||    23
Dodge: Dodged            |    15 |    26 |    92 |   139 |   188 ||   460
       Repelled          |       |       |       |     4 |     3 ||     7
Block: Other             |       |       |       |       |    15 ||    15
       Reflection        |       |       |       |       |     3 ||     3
